 Dungeon Crawl Stone Soup version 0.17.1-1-g73c8601 (webtiles) character file.

127 Andry07 the Slasher (level 5, 0/27 HPs)
             Began as a Vine Stalker Fighter on Dec 29, 2015.
             Killed by divine providence
             ... invoked by an orc priest
              (8 damage)
             ... on level 3 of the Dungeon.
             The game lasted 00:02:40 (1909 turns).

Andry07 the Slasher (Vine Stalker Fighter)          Turns: 1909, Time: 00:02:40

Health: 0/27       AC:  6    Str: 19    XL:     5   Next: 11%
Magic:  0/6        EV:  7    Int:  8    God:
Gold:   152        SH:  9    Dex: 14    Spells: 0 memorised, 4 levels left

rFire  . . .     SeeInvis .     a - +0 long sword
rCold  . . .     Clarity  .     b - +0 scale mail
rNeg   . . .     SustAt   .     c - +0 shield
rPois  .         Gourm    .     (no helmet)
rElec  .         Spirit   +     (no cloak)
rCorr  .         Warding  .     (no gloves)
rMut   .         Stasis   .     (no boots)
MR     .....                    (no amulet)
Stlth  ..........               (no ring)
                                (no ring)

@: not resistant to hostile enchantments, extremely unstealthy
A: fangs 2, regeneration 1, magic shield, antimagic bite, no device heal 3, rot
immunity
a: no special abilities


You were on level 3 of the Dungeon.
You were hungry.

You visited 1 branch of the dungeon, and saw 3 of its levels.

You collected 152 gold pieces.

Inventory:

Hand Weapons
 a - a +0 long sword (weapon)
Missiles
 r - 6 javelins (quivered)
Armour
 b - a +0 scale mail (worn)
 c - a +0 shield (worn)
Jewellery
 l - an uncursed amulet of regeneration {unknown}
Scrolls
 f - a scroll of immolation {unknown}
 g - a scroll of identify {unknown}
 j - 2 scrolls of blinking {unknown}
 k - a scroll of enchant weapon {unknown}
 m - a scroll of remove curse {unknown}
 o - a scroll of fear {unknown}
 p - a scroll of random uselessness {unknown}
 t - a scroll of amnesia {unknown}
Potions
 d - a potion of might
 h - a potion of cure mutation {unknown}
 n - 3 potions of heal wounds {unknown}
 q - 2 potions of curing {unknown}
Comestibles
 e - 2 bread rations
 i - a slice of pizza
 s - a chunk of flesh


   Skills:
 - Level 2.6 Fighting
 + Level 4.6 Long Blades
 - Level 2.4 Armour
 - Level 2.6 Shields


You had 4 spell levels left.
You didn't know any spells.

Dungeon Overview and Level Annotations

Branches:
Dungeon (3/15)

Altars:
Kikubaaqudgha


Innate Abilities, Weirdness & Mutations

You have extremely sharp teeth.
Your natural rate of healing is unusually fast.
When hurt, damage is shared between your health and your magic reserves.
Your bite disrupts and absorbs the magic of your enemies.
Potions and wands cannot restore your health.
You are immune to rotting.


Message History

You are too injured to fight recklessly!
You are too injured to fight recklessly!
You are too injured to fight recklessly!
You are too injured to fight recklessly!
You are too injured to fight recklessly!
You are too injured to fight recklessly!
You are too injured to fight recklessly!
You are too injured to fight recklessly!
You are too injured to fight recklessly!
You are too injured to fight recklessly!
You are too injured to fight recklessly!
You are too injured to fight recklessly!
You slash the orc! Your bite misses the orc.
The orc is almost dead.
The orc hits you but does no damage.
You hit the orc.
You kill the orc!
The orc priest mumbles some strange prayers to Beogh against you.
Something smites you!
You die...

### #.#
##########.#
...........#
##########.#
####.......#
.....#######
########
######
.......#
#.o@.#
...###.#
#o##.#
.....# .o
#.#######
...#.# # #..
#.......#
##.#.#..#...
######.###
..........>
#......#
#..###..##
#.######
#..#......
####.#
#.##.# ##
#....#


You could see 2 orc priests and an orc.

Vanquished Creatures
  6 adders
  An ooze (D:2)
  A worm (D:2)
  4 orcs (D:3)
  3 giant cockroaches
  5 hobgoblins
  2 quokkas (D:2)
  6 bats
  3 giant geckos (D:1)
  5 giant newts
  8 goblins
  9 kobolds
  9 rats
62 creatures vanquished.

Notes
Turn   | Place    | Note
--------------------------------------------------------------
     0 | D:1      | Andry07 the Vine Stalker Fighter began the quest for the Orb.
     0 | D:1      | Reached XP level 1. HP: 11/11 MP: 2/2
   212 | D:1      | Reached XP level 2. HP: 16/16 MP: 3/3
   363 | D:1      | Reached skill level 3 in Long Blades
   498 | D:1      | Reached XP level 3. HP: 19/19 MP: 4/4
  1034 | D:2      | You fall through a shaft!
  1046 | D:3      | Reached XP level 4. HP: 16/23 MP: 5/5
  1274 | D:2      | Reached skill level 4 in Long Blades
  1798 | D:3      | Found an ancient bone altar of Kikubaaqudgha.
  1873 | D:3      | Reached XP level 5. HP: 27/27 MP: 6/6
  1909 | D:3      | Killed from afar by an orc priest

Action                   |  1- 3 |  4- 6 || total
-------------------------+-------+-------++-------
Melee: Long sword        |   124 |    54 ||   178
  Eat: Chunk             |       |     3 ||     3
